 Dungeon Crawl Stone Soup version 0.18.1-48-g4cf74bf (webtiles) character file.

58 Joat the Conjurer (level 4, -2/27 HPs)
             Began as an Octopode Wizard on Aug 20, 2016.
             Slain by Crazy Yiuf
             ... wielding a +4 quarterstaff of chaos
              (13 damage)
             ... on level 2 of the Dungeon.
             The game lasted 00:11:45 (2482 turns).

Joat the Conjurer (Octopode Wizard)                 Turns: 2482, Time: 00:11:46

Health: -2/27      AC:  1    Str:  6    XL:     4   Next: 2%
Magic:  1/8        EV: 12    Int: 21    God:
Gold:   68         SH:  0    Dex: 10    Spells: 4 memorised, 1 level left

rFire  . . .     SeeInvis .     h - +0 short sword (curse)
rCold  . . .     Gourm    .     (no shield)
rNeg   . . .     Faith    .     a - +0 hat
rPois  .         Spirit   .     (no amulet)
rElec  .         Dismiss  .     (no ring)
rCorr  .         Reflect  .     (no ring)
SustAt .         Harm     .     (no ring)
MR     .....                    (no ring)
Stlth  +++.......               (no ring)
                                (no ring)
                                (no ring)
                                (no ring)

@: repel missiles, not resistant to hostile enchantments, fairly stealthy
A: almost no armour, amphibious, 8 rings, constrict 8, camouflage 1, gelatinous
body 1
a: no special abilities


You were on level 2 of the Dungeon.
You were not hungry.

You visited 1 branch of the dungeon, and saw 2 of its levels.

You collected 68 gold pieces.

Inventory:

Hand Weapons
 h - a cursed +0 short sword (weapon)
Armour
 a - a +0 hat (worn)
Scrolls
 d - 3 scrolls of remove curse {unknown}
 e - a scroll of enchant weapon {unknown}
 i - a scroll of blinking {unknown}
 k - a scroll of noise {unknown}
 m - a scroll of identify {unknown}
 o - a scroll of amnesia {unknown}
Potions
 f - 3 potions of heal wounds {unknown}
 j - a potion of cancellation {unknown}
 l - 2 potions of lignification {unknown}
Books
 b - a book of Minor Magic

   Spells                             Type                      Level
   a - Magic Dart                     Conjuration                  1
   b - Blink                          Translocation                2
   c - Call Imp                       Summoning                    2
   d - Repel Missiles                 Charms/Air                   2
   e - Slow                           Hexes                        2
   f - Conjure Flame                  Conjuration/Fire             3
   g - Mephitic Cloud                 Conjuration/Poison/Air       3
Comestibles
 c - a bread ration
 g - 2 meat rations
 n - a chunk of flesh


   Skills:
 - Level 2.0 Dodging
 - Level 2.6 Stealth
 + Level 3.0 Spellcasting
 * Level 3.3 Conjurations
 + Level 0.2 Charms
   Level 1.0 Summonings
 + Level 1.2 Translocations
 + Level 0.4 Air Magic
 + Level 0.2 Poison Magic


You had one spell level left.
You knew the following spells:

 Your Spells              Type           Power        Failure   Level  Hunger
a - Magic Dart            Conj           ###.         3%          1    None
b - Blink                 Tloc           N/A          14%         2    ##.....
c - Mephitic Cloud        Conj/Pois/Air  #.......     24%         3    ###....
d - Repel Missiles        Chrm/Air       #.....       17%         2    ##.....


Dungeon Overview and Level Annotations

Branches:
Dungeon (2/15)

Altars:

Annotations:
D:2 Crazy Yiuf


Innate Abilities, Weirdness & Mutations

You cannot wear most types of armour.
You are amphibious.
You can wear up to eight rings at the same time.
You can use your tentacles to constrict eight enemies at once.
Your skin changes colour to match your surroundings (Stealth).
Your rubbery body absorbs attacks (AC +1).


Message History

Crazy Yiuf hits you with a quarterstaff of chaos!
Crazy Yiuf draws strength from your injuries!
Casting: Magic Dart
Confirm with . or Enter, or press ? or * to list all spells.
Aiming: Magic Dart
Press: ? - help, Shift-Dir - straight line, f/p - Crazy Yiuf
Aim: Crazy Yiuf, wielding a quarterstaff of chaos and wearing a cloak (severely wounded)
The magic dart hits Crazy Yiuf.
Crazy Yiuf is almost dead.
Crazy Yiuf says, "Announcement!"
Crazy Yiuf hits you with a quarterstaff of chaos!
Casting: Magic Dart
Confirm with . or Enter, or press ? or * to list all spells.
Aiming: Magic Dart
Press: ? - help, Shift-Dir - straight line, f/p - Crazy Yiuf
Aim: Crazy Yiuf, wielding a quarterstaff of chaos and wearing a cloak (almost dead)
The magic dart hits Crazy Yiuf.
Crazy Yiuf is almost dead.
Crazy Yiuf hits you with a quarterstaff of chaos!
You die...

.......#.# #.#
#'##'#+#.####.####
#.#........##....#
################.#
#.# #♣♣♣♣♣ #.#
...♣.♣♣♣ #.#
....♣.g♣ #.#
...♣♣♣♣.....# #@#
..♣♣ #...# #g# #♣♣
### #.# #.# #.#
########.###
..g.......# ## ...
##.##.#..## .
......g#.....#..#
.#


You could see Crazy Yiuf.

Vanquished Creatures
  2 adders (D:2)
  A giant gecko (D:2)
  4 bats
  2 giant cockroaches (D:2)
  5 goblins
  5 hobgoblins
  2 jackals (D:2)
  A giant newt (D:2)
  8 kobolds (D:2)
  8 rats
38 creatures vanquished.

Notes
Turn   | Place    | Note
--------------------------------------------------------------
     0 | D:1      | Joat the Octopode Wizard began the quest for the Orb.
     0 | D:1      | Reached XP level 1. HP: 11/11 MP: 4/4
   990 | D:1      | Reached XP level 2. HP: 17/17 MP: 3/6
  1407 | D:2      | Reached XP level 3. HP: 21/21 MP: 4/7
  1411 | D:2      | Learned a level 2 spell: Blink
  1415 | D:2      | Learned a level 3 spell: Mephitic Cloud
  1418 | D:2      | Learned a level 2 spell: Repel Missiles
  1710 | D:2      | Noticed Crazy Yiuf
  2398 | D:2      | Reached XP level 4. HP: 26/27 MP: 5/8
  2482 | D:2      | Slain by Crazy Yiuf

Skill      XL: |  1  2  3 |
---------------+----------+-----
Conjurations   | 2 3 |  3.3
Dodging        | |  2.0
Stealth        | |  2.6
Spellcasting   | |  3.0
Charms         | |  0.2
Summonings     | |  1.0
Translocations | |  1.2
Air Magic      | |  0.4
Poison Magic   | |  0.2

Action                   |  1- 3 |  4- 6 || total
-------------------------+-------+-------++-------
Melee: Short sword       |    21 |       ||    21
       Constrict         |     4 |       ||     4
       Unarmed           |     2 |       ||     2
       Tentacles         |     2 |       ||     2
 Cast: Magic Dart        |    59 |     8 ||    67
       Repel Missiles    |     1 |       ||     1
 Stab: Sleeping          |     7 |       ||     7
  Eat: Chunk             |     4 |     1 ||     5
Dodge: Dodged            |    14 |       ||    14
       Deflected         |     1 |       ||     1
